 Dungeon Crawl Stone Soup version 0.14.0-7-g2801ba0 (webtiles) character file.

341 Gravenous the Poker (level 5, -5/30 HPs)
             Began as a Tengu Death Knight on Apr 12, 2014.
             Was a Believer of Yredelemnul.
             Killed from afar by Ijyb (10 damage)
             ... with a wand of frost
             ... on Level 3 of the Dungeon.
             The game lasted 00:08:33 (3251 turns).

Gravenous the Poker (Tengu Death Knight)            Turns: 3251, Time: 00:08:33

HP  -5/30        AC  3     Str 13      XL: 5   Next: 38%
MP   8/8         EV 14     Int 16      God: Yredelemnul [**....]
Gold 185         SH  8     Dex 15      Spells:  0 memorised,  4 levels left

rFire  . . .     SeeInvis .     w - +0 blowgun
rCold  . . .     Clarity  .     b - +0 leather armour
rNeg   . . .     Conserve .     r - +0 buckler
rPois  .         rCorr    .     (helmet restricted)
rElec  .         rRot     .     (no cloak)
SustAb . .       Spirit   .     (no gloves)
rMut   .         Warding  .     (boots unavailable)
Saprov . . .     Stasis   .     (no amulet)
MR     .....                    (no ring)
                                d - +3 ring of evasion

@: brilliant, not resistant to hostile enchantments, unstealthy
A: able to fly, beak, talons 3
a: Fly, Animate Remains, Recall Undead Slaves, Injury Mirror, Renounce Religion


You were on level 3 of the Dungeon.
You worshipped Yredelemnul.
Yredelemnul was pleased with you.
You were very hungry.

You visited 1 branch of the dungeon, and saw 3 of its levels.

You collected 185 gold pieces.

Inventory:

Hand weapons
 a - a +1,+1 spear
 s - a +1,+0 trident
 w - a +0 blowgun (weapon)
Missiles
 j - 16 poisoned needles
 o - 5 curare-tipped needles (quivered)
Armour
 b - a +0 leather armour (worn)
 r - a +0 buckler (worn)
Comestibles
 c - 4 bread rations
 i - a meat ration
Scrolls
 e - 2 scrolls of magic mapping
 g - 2 scrolls of identify
 h - 2 scrolls of teleportation
 k - a scroll of enchant weapon II
 n - a scroll of immolation
 p - 2 scrolls of remove curse
Jewellery
 d - a +3 ring of evasion (left hand)
 m - an uncursed amulet of faith {unknown}
Potions
 f - a potion of confusion {unknown}
 q - a potion of restore abilities {unknown}
 t - a potion of curing {unknown}
 u - a potion of berserk rage {unknown}
Books
 v - a Young Poisoner's Handbook

   Spells                             Type                      Level
   Sting                              Conjuration/Poison           1
   Cure Poison                        Poison                       2
   Mephitic Cloud                     Conjuration/Poison/Air       3
   Olgreb's Toxic Radiance            Poison                       4
   Venom Bolt                         Conjuration/Poison           5


   Skills:
 - Level 2.0 Fighting
 * Level 4.9 Polearms
 - Level 1.1 Armour
 + Level 2.9 Dodging
 * Level 1.2 Shields
 - Level 2.4 Invocations


You had 4 spell levels left.
You didn't know any spells.

Dungeon Overview and Level Annotations

Branches:
Dungeon (3/15)

Altars:
Okawaru

Annotations:
D:3 Ijyb


Innate Abilities, Weirdness & Mutations

You can fly.
You have a beak for a mouth.
You have claws for feet.


Message History

The goblin dies!
Yredelemnul accepts your slave's kill.
Wield which item (- for none, * to show all)? (? for menu, Esc to quit)
w - a +0 blowgun (weapon)
Ijyb hits you with a club.
* * * LOW HITPOINT WARNING * * *
Quiver which item? (- for none, * to show all) (? for menu, Esc to quit)
Quivering
o - 7 curare-tipped needles for blowguns.
Firing (i - inventory. (,) - cycle):
o - 7 curare-tipped needles (quivered)
Press: ? - help, Shift-Dir - straight line, f/p - Ijyb
Aim: Ijyb, wielding a club, wearing a scale mail and carrying a wand of frost {zapped: 3} You shoot a curare-tipped needle.
The curare-tipped needle hits Ijyb.
Ijyb is poisoned.
Ijyb convulses.
Ijyb seems to slow down.
Firing (i - inventory. (,) - cycle):
o - 6 curare-tipped needles (quivered)
Press: ? - help, Shift-Dir - straight line, f/p - Ijyb
Aim: Ijyb, wielding a club, wearing a scale mail and carrying a wand of frost {zapped: 3} (moderately wounded, poisoned, moving slowly, catching his breath)
You shoot a curare-tipped needle. The curare-tipped needle misses Ijyb.
Ijyb zaps a wand.
The puff of frost hits you!
You die...
Your body rises from the dead as a mindless zombie.

##########
#...##.#.#.#.# #.#.
#..........#.# #.#.
#..#..[..###.# #.#.
#..####### #.###.#.
#........# #.#...##
#.######.# #.....(. #.#
#.# ###.....
####.######.#########.
##(..g@).............>.
#.z#########.##########
#.)8.8.8.8.#...z...#
#...g......#######.####
#......... #......
#......... #######
#......... # #........
# #..8.8.8 #


You could see Ijyb and a friendly orc zombie.

Vanquished Creatures
  3 adders
  3 gnolls (D:2)
  A giant mite (D:3)
  3 worms (D:2)
  2 giant geckos
  An ooze (D:2)
  An orc (D:3)
  7 bats
  4 giant cockroaches
  8 hobgoblins
  7 jackals
  3 quokkas
  A giant newt (D:2)
  8 goblins
  7 kobolds
  12 rats
71 creatures vanquished.

Vanquished Creatures (collateral kills)
  A worm (D:3)
  A goblin (D:3)
2 creatures vanquished.

Grand Total: 73 creatures vanquished

Notes
Turn   | Place    | Note
--------------------------------------------------------------
     0 | D:1      | Gravenous, the Tengu Death Knight, began the quest for the Orb.
     0 | D:1      | Reached XP level 1. HP: 12/12 MP: 1/1
   386 | D:1      | Reached XP level 2. HP: 14/17 MP: 3/3
   481 | D:1      | Reached skill level 3 in Polearms
  1054 | D:1      | Reached XP level 3. HP: 19/21 MP: 5/5
  1340 | D:2      | Reached skill level 4 in Polearms
  1454 | D:2      | Acquired Yredelemnul's second power
  1454 | D:2      | Reached XP level 4. HP: 22/26 MP: 6/6
  2025 | D:2      | Found an iron altar of Okawaru.
  2071 | D:2      | Reached XP level 5. HP: 25/30 MP: 8/8
  2591 | D:3      | Reached skill level 1 in Shields
  3207 | D:3      | Noticed Ijyb
  3251 | D:3      | Killed from afar by Ijyb

Action                   |  1- 3 |  4- 6 || total
-------------------------+-------+-------++-------
Melee: Spear             |    86 |    90 ||   176
       Trident           |       |    30 ||    30
 Fire: Blowgun           |       |     2 ||     2
Invok: Animate Remains   |       |     1 ||     1
  Use: Scroll            |     4 |     2 ||     6
       Potion            |     2 |     1 ||     3
 Stab: Sleeping          |     1 |     1 ||     2
       Distracted        |       |     1 ||     1
